Map: Persephone LE

Players

EsMiBarrio

  • Race: Zerg Zerg
  • League: Diamond
  • Spawn Location: 11:00

VOD

Have the link to the VOD?

Description

Time

  • Played on: July 8, 2025, 1:42 p.m.
  • Length: 8:20
Show
View Real Time Build Order
Export as new Build Order

EsMiBarrio Zerg 

Build Orders:  

Get SALT Encoding   

  12  0:00  Drone  
  13  0:17  Overlord  
  13  0:23  Drone  
  14  0:42  Drone x2  
  14  0:47  Drone  
  17  1:11  Hatchery  
  17  1:13  Drone  
  17  1:18  Drone  
  18  1:22  Extractor  
  17  1:39  Spawning Pool  
  16  1:42  Drone  
  16  1:47  Drone  
  18  2:03  Drone  
  19  2:18  Overlord  
  19  2:35  Drone  
  20  2:45  Queen  
  22  2:52  Queen  
  22  2:53  Zergling x2  
  22  2:58  Drone  
  26  3:04  Drone  
  26  3:09  Drone  
  28  3:27  Drone  
  29  3:30  Drone  
  29  3:35  Queen  
  29  3:36  Metabolic Boost  
  32  3:47  Overlord  
  32  3:53  Drone x3  
  35  4:09  Drone  
  36  4:15  Overlord  
  36  4:19  Lair  
  36  4:22  Roach Warren  
  28  4:30  Pneumatized Carapace  
  35  4:40  Extractor  
  35  4:41  Drone x2, Extractor  
  35  4:42  Drone  
  35  4:43  Overlord  
  35  4:47  Drone x2  
  38  4:50  Drone  
  39  5:04  Overlord  
  39  5:21  Roach  
  39  5:22  Roach x4  
  39  5:26  Roach  
  51  5:31  Roach  
  53  5:49  Overlord  
  53  6:11  Zergling x2  
  53  6:12  Zergling x16  
  62  6:32  Overlord  
  62  6:35  Hatchery  
  66  7:06  Zergling x4  
  66  7:07  Zergling x6  
  71  7:28  Queen  
  73  7:31  Drone x2  
  80  8:11  Evolution Chamber  
  80  8:12  Evolution Chamber  
  80  8:14  Hydralisk Den, Infestation Pit  
Tags
 
Add a new tag
Caveats
  • Supply blocks, unpowered buildings, or Contaminate may cause inaccurate times.
  • Supply counts are checked every 10 seconds.